 Dungeon Crawl Stone Soup version 0.26-a0-249-g7253cd193c (webtiles) character file.

Game seed: 11004713457567244497

133 Esekla the Grave Robber (level 5, -3/37 HPs)
             Began as a Formicid Necromancer on July 8, 2020.
             Slain by an orc
             ... wielding a +0 trident
              (4 damage)
             ... on level 4 of the Dungeon.
             The game lasted 00:15:38 (2460 turns).

Esekla the Grave Robber (Formicid Necromancer)      Turns: 2460, Time: 00:15:39

Health: -3/37      AC:  3    Str: 12    XL:     5   Next: 39%
Magic:  9/10       EV: 11    Int: 16    God:
Gold:   31         SH:  0    Dex: 11    Spells: 7/11 levels left

rFire    . . .     SeeInvis +   d - +0 short sword
rCold    . . .     Faith    .   (no shield)
rNeg     . . .     Spirit   .   b - +0 leather armour
rPois    .         Reflect  .   (helmet unavailable)
rElec    .         Harm     .   (no cloak)
rCorr    .                      (no gloves)
MR       .....                  (no boots)
Stlth    +.........             (no amulet)
HPRegen  0.12/turn              (no ring)
MPRegen  0.12/turn              (no ring)

@: confused
A: permanent stasis, dig shafts and tunnels, four strong arms, antennae 3
a: Dig, Shaft Self


You were on level 4 of the Dungeon.
You were not hungry.

You visited 1 branch of the dungeon, and saw 4 of its levels.

You collected 31 gold pieces.

Inventory:

Hand Weapons
 d - a +0 short sword (weapon)
 e - a +0 trident
Missiles
 h - 13 poisoned darts (quivered)
Armour
 a - a +0 robe
 b - a +0 leather armour (worn)
 f - a +0 kite shield
Scrolls
 g - 3 scrolls of identify {unknown}
 k - a scroll of magic mapping {unknown}
 m - a scroll of fog {unknown}
 n - a scroll of remove curse {unknown}
Potions
 i - a potion of might {unknown}
 j - a potion of heal wounds {unknown}
 l - a potion of cancellation {unknown}
Comestibles
 c - 2 rations


   Skills:
 * Level 1.4 Fighting
 + Level 0.4 Short Blades
 * Level 2.0 Armour
 + Level 1.8 Dodging
 + Level 2.6 Stealth
 * Level 3.9 Spellcasting
 + Level 4.4 Necromancy


You had 7 spell levels left.
You knew the following spells:

 Your Spells              Type           Power        Failure   Level
a - Pain                  Necr           ###.         3%          1
d - Vampiric Draining     Necr           ###.......   11%         3

Your spell library contained the following spells:

 Spells                   Type           Power        Failure   Level
 Animate Skeleton         Necr           ###...       3%          1
 Animate Dead             Necr           ###.......   34%         4
 Agony                    Necr           ###.....     69%         5


Dungeon Overview and Level Annotations

Branches:
Dungeon (4/15)
 Temple: D:4-7

Altars:


Innate Abilities, Weirdness & Mutations

You cannot be hasted, slowed, berserked, paralysed or teleported.
You can dig through walls and to a lower floor.
Your four strong arms can wield two-handed weapons with a shield.
You have a pair of large antennae on your head. (SInv)


Message History

The orc wizard flickers and vanishes for a moment.
The orc throws a boomerang.
The boomerang hits you.
* * * LOW HITPOINT WARNING * * *
The weapon returns to the orc!
The adder barely misses you.
You see here a poisoned dart.
You feel sick.
You are no longer poisoned.
The orc throws a boomerang.
The boomerang closely misses the orc wizard.
The boomerang hits you.
* * * LOW HITPOINT WARNING * * *
The orc throws a boomerang.
The boomerang closely misses the orc wizard.
The boomerang barely misses you.
The weapon returns to the orc!
The orc throws a boomerang.
The boomerang misses the orc wizard.
The boomerang misses you.
The weapon returns to the orc!
The orc wizard hits you with a +0 dagger.
* * * LOW HITPOINT WARNING * * *
The orc hits you from afar with a +0 trident.
You die...

## .. ###... ...# ..#...
...# .....% ...## ####
......####...# #..#
.......#.....# ....
...........#### #...
#.....<..#.#######..
##.@S(......#..#....
.{#.oo.......#.>.....
.Z.o..........#.####..
.....oo(.....†...##..#
................#.......
.........##.............
......########++########
...... ..


You could see 2 orc wizards, an adder and 3 orcs.

Vanquished Creatures
  8 gnolls
  2 adders
  A worm (D:3)
  A dart slug (D:1)
  A leopard gecko (D:2)
  2 orcs
  A giant cockroach (D:4)
  A goblin (D:2)
  3 hobgoblins
  A quokka (D:3)
  3 bats
  3 frilled lizards
  4 kobolds
  5 rats (D:1)
36 creatures vanquished.

Vanquished Creatures (others)
  A dart slug (D:2)
1 creature vanquished.

Grand Total: 37 creatures vanquished

Notes
Turn   | Place    | Note
-------+----------+-------------------------------------------
     0 | D:1      | Esekla the Formicid Necromancer began the quest for the
                  | Orb.
     0 | D:1      | Reached XP level 1. HP: 13/13 MP: 3/3
   429 | D:1      | Reached XP level 2. HP: 16/19 MP: 1/5
  1088 | D:2      | Reached XP level 3. HP: 21/25 MP: 2/6
  1112 | D:2      | Learned a level 3 spell: Vampiric Draining
  1281 | D:3      | Reached skill level 1 in Armour
  1286 | D:3      | Reached skill level 1 in Fighting
  1299 | D:2      | Reached XP level 4. HP: 16/32 MP: 0/8
  1794 | D:3      | Reached XP level 5. HP: 26/37 MP: 1/10
  2412 | D:4      | Noticed an ogre
  2460 | D:4      | HP: 1/37 [orc wizard/+0 dagger (2)]
  2460 | D:4      | Slain by an orc

Illustrated notes

Levels and vault maps discovered:
D:1:      lordsloth_arrival_two_stooges, layout_loops_ring,
          grunt_decor_resistance
D:2:      layout_basic, lemuel_zombie_altar_kikubaaqudgha,
          chequers_temple_overflow_statue_of_worship,
          chequers_ecumenical_altar_island, minmay_misc_feat_nine_boxes,
          serial_bayou_pond_d, grunt_ministairs_15, lemuel_another_geyser
D:3:      layout_loops_corners, grunt_dithmenos_smoke,
          makhleb_blood_cavern_becter
D:4:      layout_cave_pools, minmay_temple_entry_enclosed_plants, first_ration,
          kennysheep_dice

Skill      XL: |  1  2  3  4  5 |
---------------+----------------+-----
Armour         | 1 2 |  2.0
Fighting       | 1 |  1.4
Spellcasting   | 3 |  3.9
Short Blades   | |  0.4
Dodging        | |  1.8
Stealth        | |  2.6
Necromancy     | |  4.4

Action                   |  1- 3 |  4- 6 || total
-------------------------+-------+-------++-------
Melee: Short sword       |    56 |    64 ||   120
Throw: Dart              |     4 |    23 ||    27
 Cast: Pain              |    27 |       ||    27
       Vampiric Draining |     3 |     9 ||    12
 Abil: Dig               |     2 |       ||     2
 Stab: Sleeping          |     2 |       ||     2
  Eat: Ration            |     1 |     1 ||     2
Armor: Leather armour    |    16 |     6 ||    22
Dodge: Dodged            |    36 |    44 ||    80

Table legend:
 A = Non-vault XP
 B = Vault XP
 C = Vault XP percentage of total XP
 D = Non-vault monster count
 E = Vault monster count
 F = Vault count percentage of total count
                 A         B        C        D         E       F
            +---------+---------+-------+---------+---------+-------
      Total |     186 |       4 |   2.1 |      34 |       2 |   5.6
            +---------+---------+-------+---------+---------+-------
        D:1 |      19 |       4 |  17.4 |      13 |       2 |  13.3
        D:2 |      55 |       0 |   0.0 |       8 |       0 |   0.0
        D:3 |      93 |       0 |   0.0 |      10 |       0 |   0.0
        D:4 |      19 |       0 |   0.0 |       3 |       0 |   0.0
            +---------+---------+-------+---------+---------+-------
